 Dungeon Crawl Stone Soup version 0.22.1-1-ga44c0e5 (webtiles) character file.

108 Fang the Chopper (level 4, -4/43 HPs)
             Began as a Gargoyle Berserker on Sept 26, 2018.
             Was a Believer of Trog.
             Killed from afar by an orc wizard (5 damage)
             ... with a puff of flame
             ... on level 3 of the Dungeon.
             The game lasted 00:01:25 (1549 turns).

Fang the Chopper (Gargoyle Berserker)               Turns: 1549, Time: 00:01:25

Health: -4/43      AC:  5    Str: 26    XL:     4   Next: 87%
Magic:  4/4        EV: 12    Int:  8    God:    Trog [**....]
Gold:   70         SH:  0    Dex:  9    Spells: 3/3 levels left

rFire    . . .     SeeInvis .   a - +0 hand axe
rCold    . . .     Gourm    .   (no shield)
rNeg     + . .     Faith    .   b - +0 animal skin
rPois    ∞         Spirit   .   (no helmet)
rElec    +         Reflect  .   (no cloak)
rCorr    .         Harm     .   (no gloves)
MR       .....                  (no boots)
Stlth    ..........             (no amulet)
HPRegen  0.14/turn              (no ring)
MPRegen  0.09/turn              (no ring)

@: berserking, very quick
A: negative energy resistance 1, electricity resistance, unbreathing,
petrification resistance, rot immunity, AC +3
a: Berserk, Trog's Hand, Renounce Religion


You were on level 3 of the Dungeon.
You worshipped Trog.
Trog was pleased with you.
You were near starving.

You visited 1 branch of the dungeon, and saw 3 of its levels.

You collected 70 gold pieces.

Inventory:

Hand Weapons
 a - a +0 hand axe (weapon)
Armour
 b - a +0 animal skin (worn)
Jewellery
 o - an uncursed ring of stealth {unknown}
Scrolls
 h - a scroll of remove curse {unknown}
 j - 3 scrolls of identify {unknown}
 k - a scroll of blinking {unknown}
 l - a scroll of fear {unknown}
 m - a scroll of teleportation {unknown}
 n - a scroll of enchant armour {unknown}
Potions
 d - 3 potions of curing {unknown}
 e - 3 potions of agility {unknown}
 f - a potion of haste {unknown}
 g - 2 potions of brilliance {unknown}
 i - a potion of ambrosia {unknown}
 p - a potion of might {unknown}
 q - a potion of mutation {unknown}
Comestibles
 c - 4 rations


   Skills:
 + Level 3.9 Fighting
 + Level 4.1 Axes
 + Level 2.3 Armour
 + Level 2.2 Dodging
 + Level 0.2 Stealth


You had 3 spell levels left.
You didn't know any spells.
Your spell library was empty.

Dungeon Overview and Level Annotations

Branches:
Dungeon (3/15)

Altars:
Cheibriados


Innate Abilities, Weirdness & Mutations

You are resistant to torment.
Your stone body is resilient. (AC +3)
You are immune to poison.
You resist negative energy. (rN+)
You are resistant to electric shocks. (rElec)
You can survive without breathing.
You are immune to petrification.
You are immune to rotting.


Message History

The orc wizard blinks!
You hit the orc wizard.
The orc wizard is moderately wounded.
You barely miss the orc wizard.
The orc wizard is moderately wounded.
The orc wizard hits you but does no damage.
You closely miss the orc wizard.
The orc wizard is moderately wounded.
The orc wizard hits you but does no damage.
You barely miss the orc wizard.
The orc wizard is moderately wounded.
The orc wizard hits you with a dagger of venom.
* * * LOW HITPOINT WARNING * * *
You miss the orc wizard.
The orc wizard is moderately wounded.
You barely miss the orc wizard.
The orc wizard is moderately wounded.
The orc wizard points at you and mumbles some strange words.
The puff of flame hits you!
You die...

#.#<###
#.#######
#.......#
#######.#
#.# #.# #.#
#########.#
#..ooo@...#
#.#########


You could see 2 orc wizards and an orc.

Vanquished Creatures
  An orc wizard (D:3)
  Robin (D:2)
  2 adders (D:2)
  2 oozes
  A worm (D:2)
  2 leopard geckos
  A ball python (D:1)
  A giant cockroach (D:1)
  14 goblins
  5 hobgoblins (D:2)
  3 frilled lizards
  4 kobolds (D:1)
  4 rats
41 creatures vanquished.

Notes
Turn   | Place    | Note
-------+----------+-------------------------------------------
     0 | D:1      | Fang the Gargoyle Berserker began the quest for the Orb.
     0 | D:1      | Reached XP level 1. HP: 14/14 MP: 1/1
   209 | D:1      | Reached XP level 2. HP: 12/19 MP: 2/2
   209 | D:1      | Reached skill level 3 in Axes
   853 | D:2      | Reached XP level 3. HP: 18/23 MP: 3/3
   965 | D:2      | Found a snail-covered altar of Cheibriados.
   975 | D:2      | Noticed Robin
   983 | D:2      | Reached ** piety under Trog
   987 | D:2      | Killed Robin
   991 | D:2      | Reached XP level 4. HP: 22/29 MP: 4/4
  1540 | D:3      | HP: 1/43 [orc wizard/puff of flame (9)]
  1541 | D:3      | Reached skill level 4 in Axes
  1547 | D:3      | HP: 1/43 [orc wizard/dagger of venom (1)]
  1549 | D:3      | Killed from afar by an orc wizard

Skill      XL: |  1  2  3  4 |
---------------+-------------+-----
Axes           | 3 4 |  4.1
Dodging        | 2 |  2.2
Fighting       | |  3.9
Armour         | |  2.3
Stealth        | |  0.2

Action                   |  1- 3 |  4- 6 || total
-------------------------+-------+-------++-------
Melee: Hand axe          |    80 |    43 ||   123
Invok: Berserk           |     2 |     1 ||     3
 Stab: Sleeping          |     1 |       ||     1
  Eat: Chunk             |     1 |     2 ||     3
Armor: Animal skin       |    21 |     8 ||    29
Dodge: Dodged            |    47 |    19 ||    66
